 Dungeon Crawl Stone Soup version 0.22-a0-271-gc000056 (webtiles) character file.

120847 RoseArtemis the Warrior (level 16, -54/157 HPs)
             Began as a Minotaur Berserker on Mar 11, 2018.
             Was the Champion of Trog.
             Killed by Shatter
             ... invoked by Jorgrun
              (59 damage)
             ... on level 2 of the Spider Nest.
             The game lasted 01:37:11 (33404 turns).

RoseArtemis the Warrior (Minotaur Berserker)       Turns: 33404, Time: 01:37:12

Health: -54/157    AC: 22    Str: 24      XL:     16   Next: 31%
Magic:  6/6        EV: 18    Int:  5 (6)  God:    Trog [******]
Gold:   2392       SH: 14    Dex: 13      Spells: 15/15 levels left

rFire    . . .     SeeInvis .   a - +5 double sword (antimagic)
rCold    . . .     Gourm    .   f - +0 shield {reflect}
rNeg     . . .     Faith    .   u - +0 plate armour
rPois    .         Spirit   .   O - +0 hat
rElec    .         Reflect  +   X - +1 cloak
rCorr    .         Harm     .   L - +0 pair of gloves
MR       +....                  A - +0 pair of boots
Stlth    ..........             (no amulet)
HPRegen  0.36/turn              i - +4 ring of evasion
MPRegen  0.10/turn              M - +2 ring of evasion

@: about to teleport, hasted, studying Crossbows, very quick
A: retaliatory headbutt, horns 2, screaming 1
a: Berserk, Trog's Hand, Brothers in Arms, Renounce Religion


You were on level 2 of the Spider Nest.
You worshipped Trog.
Trog was exalted by your worship.
You were hungry.

You visited 4 branches of the dungeon, and saw 25 of its levels.
You also visited: Ossuary.

You collected 2502 gold pieces.
You spent 110 gold pieces at shops.

Inventory:

Hand Weapons
 a - a +5 antimagic double sword (weapon)
 b - the +7 scimitar of Absolution {venom, rPois rF+ Str+2}
   (Trog gifted it to you on level 15 of the Dungeon)

   It poisons the flesh of those it strikes.
   It affects your strength (+2).
   It protects you from fire.
   It protects you from poison.
 N - a +1 scimitar of flaming
Armour
 f - a +0 shield of reflection (worn)
 u - a +0 plate armour (worn)
 A - a +0 pair of boots (worn)
 L - a +0 pair of gloves (worn)
 O - a +0 hat (worn)
 X - a +1 cloak (worn)
Jewellery
 d - an uncursed ring of protection from cold
 i - a +4 ring of evasion (left hand)
 v - an uncursed ring of flight {unknown}
 y - an uncursed ring of resist corrosion
 G - an uncursed ring of poison resistance {unknown}
 K - an uncursed ring of positive energy
 M - a +2 ring of evasion (right hand)
 V - a cursed ring of loudness {unknown}
 Z - an uncursed ring of flight {unknown}
Wands
 E - a wand of disintegration (20)
 I - a wand of acid (4)
 T - a wand of paralysis (34)
 Y - a wand of flame (36)
Scrolls
 m - 2 scrolls of fog
 n - 6 scrolls of teleportation
 p - 12 scrolls of remove curse
 q - 6 scrolls of enchant weapon
 s - a scroll of brand weapon {unknown}
 t - 5 scrolls of enchant armour
 C - 2 scrolls of magic mapping
 D - a scroll of vulnerability {unknown}
 F - 5 scrolls of identify
 Q - a scroll of acquirement {unknown}
 R - 2 scrolls of fear
 U - a scroll of torment {unknown}
Potions
 e - 3 potions of berserk rage
 h - 6 potions of lignification
 j - a potion of resistance
 k - 2 potions of brilliance
 l - 3 potions of might
 o - 5 potions of curing
 r - 5 potions of flight
 x - a potion of cancellation
 z - a potion of ambrosia
 B - 2 potions of agility
 P - a potion of haste
Books
 J - a manual of Crossbows
Comestibles
 c - 23 rations


   Skills:
 * Level 18.2 Fighting
 - Level 16.0 Long Blades
 * Level 15.0 Armour
 - Level 10.0 Dodging
 - Level 15.0 Shields
 - Level 6.0 Evocations


You had 15 spell levels left.
You didn't know any spells.

Dungeon Overview and Level Annotations

Branches:
Dungeon (15/15) Temple (0/1) D:7 Lair (6/6) D:9 Shoals (0/4) Lair:3 Spider (2/4) Lair:4 Slime (0/5) Lair:5 Orc (2/2) D:10 Elf (0/3) Orc:2 Vaults (0/5) D:13 D:14 Depths (0/5) D:15

Altars:
Ashenzari
Hepliaklqana
Kikubaaqudgha
Makhleb
Xom
Zin
The Shining One
Beogh
Jiyva

Shops:
D:5 %   Orc:2 }!*(

Annotations:
Lair:3 exclusion: oklob plant
Lair:4 exclusion: 4 oklob plants
Lair:6 1 runed door
Spider:2 Jorgrun


Innate Abilities, Weirdness & Mutations

You reflexively headbutt those who attack you in melee.
You have a pair of horns on your head.
You occasionally shout uncontrollably at your foes.


Message History

You hit Jorgrun but do no damage. Your headbutt misses Jorgrun.
Jorgrun is moderately wounded.
Your surroundings suddenly seem different.
Jorgrun mumbles some strange words.
The dungeon rumbles around Jorgrun!
You shudder.
* * * LOW HITPOINT WARNING * * *
Ka-crash!
You hear a hideous shriek!
Okay, then.
As you read the scroll of teleportation, it crumbles to dust.
You feel strangely unstable.
The dungeon rumbles around something!
You shudder from the earth-shattering force.
* * * LOW HITPOINT WARNING * * *
Ka-crash!
You hear an angry hiss. x4
A demonic crawler comes into view.
Jorgrun gestures wildly while chanting.
The dungeon rumbles around Jorgrun!
You shudder from the earth-shattering force.
You die...

#....§§#§§§§§...##.......g..
#§§§§§§§§.#..s.#..^.##≈†
#.§§§g§§...#....#.....†##
#.§§.§.§..#...#.#...#...|
#≈.......^....#≈#.##.##.(
...#..#.........≈.....#...
#.#....##....!....#....##..
#.# .#..#.................[
## .# #...@.......#^.#.....
####(..#.#...####...##.
#≈≈#...##.....#...#.###
#≈..#####.(.#≈...###
##..≈#......#≈##..
##≈≈#≈#....#.##..
#≈≈###....## ###.
######..#.^#≈≈#.. #...##..≈#


You could see Jorgrun and a demonic crawler.

Vanquished Creatures
  Arachne (Spider:2)
  Rupert (D:14)
  Frances (Spider:1)
  Kirke (D:13)
  Donald (Spider:1)
  A frost giant (D:15)
  An orc warlord (Orc:2)
  2 ghost moths (Spider:2)
  2 emperor scorpions
  Nessos (D:14)
  The ghost of tidbits the Martial Artist, a journeyman GnTm of Cheibriados (Orc:2)
  Azrael (D:14)
  A fire dragon (Lair:6)
  7 hydras
  The ghost of HEYYEYAAE the Summoner, a journeyman DgSu (Lair:1)
  An ice dragon (D:14)
  8 two-headed ogres
  Erica (Lair:2)
  5 centaur warriors
  3 death yaks (Lair:6)
  Urug (D:14)
  Sonja (D:11)
  5 orc high priests (Orc:2)
  6 unseen horrors
  A swamp dragon (Lair:6)
  2 lindwurms (Lair:6)
  3 wolf spider zombies
  Pikel (D:9)
  A salamander (shapeshifter) (D:15)
  7 orb spiders
  5 orc sorcerers
  7 orc knights
  4 ugly things
  6 cyclopes
  8 wolf spiders
  2 centaur zombies (D:14)
  A merfolk siren (Lair:3)
  Maurice (D:11)
  4 elephants
  6 torpor snails
  5 spiny frogs
  Joseph (D:7)
  2 black mambas
  A gargoyle (D:14)
  A kobold demonologist (D:15)
  2 rime drakes
  2 yaktaurs (D:15)
  2 demonic crawlers (Spider:1)
  An efreet (D:13)
  8 komodo dragons
  10 hornets
  10 trolls
  4 merfolk
  8 jumping spiders
  3 meliai (D:13)
  A polar bear (Lair:2)
  3 tyrant leeches (Lair:6)
  12 blink frogs
  10 hippogriffs
  9 slime creatures
  23 redbacks
  5 tarantellas (Spider:1)
  2 shadows (D:13)
  3 wyverns
  A vampire (D:12)
  4 basilisks
  27 yaks
  A steam dragon (Lair:6)
  3 fire elementals (D:14)
  Eustachio (D:4)
  6 hogs (D:13)
  5 hungry ghosts
  16 humans
  2 vampire mosquitoes (D:15)
  Edmund (D:4)
  4 wargs
  2 acid dragons
  15 water moccasins
  2 hell hounds (D:14)
  11 porcupines
  A two-headed ogre zombie (D:10)
  4 swamp drakes (Lair:6)
  39 orc warriors
  4 ice beasts
  A sky beast (D:10)
  A hornet zombie (D:12)
  7 black bears
  2 slaves (D:9)
  6 phantoms
  2 necrophages
  An eye of draining (D:15)
  18 ogres
  9 centaurs
  6 wolves (Lair:3)
  9 crocodiles
  26 bullfrogs
  A wyvern zombie (D:11)
  2 scorpions
  A water moccasin skeleton (D:8)
  16 killer bees
  2 troll zombies (D:10)
  13 wights
  6 crimson imps
  2 howler monkeys
  A human zombie (Ossuary)
  3 bullfrog zombies
  4 hounds
  5 jellies
  26 orc priests
  A bullfrog skeleton (D:6)
  19 orc wizards
  8 centaur skeletons
  Terence (D:2)
  8 worker ants
  8 iguanas
  A big kobold zombie (Ossuary)
  5 ogre zombies (D:10)
  3 hound zombies
  A hound skeleton (D:9)
  2 mummies (Ossuary)
  3 worker ant zombies
  4 gnolls (D:8)
  9 adders
  4 shadow imps
  2 oozes
  2 worms
  A dart slug (D:3)
  13 leopard geckos
  98 orcs
  7 giant cockroaches
  5 gnoll zombies (Ossuary)
  4 goblins
  8 hobgoblins
  8 jackals
  2 quokkas
  5 bats
  6 frilled lizards
  3 goblin zombies
  2 hobgoblin skeletons (D:10)
  7 hobgoblin zombies
  2 jackal skeletons (D:5)
  6 kobolds
  3 orc skeletons (D:10)
  17 orc zombies
  A quokka zombie (D:6)
  7 rats
  A plant (Lair:5)
847 creatures vanquished.

Vanquished Creatures (others)
  A shadow (D:14)
  2 slaves (D:9)
  A human (D:6)
  A killer bee (D:9)
  An orc priest (Orc:2)
  32 fungi
  28 plants
66 creatures vanquished.

Grand Total: 913 creatures vanquished

Notes
Turn   | Place    | Note
-------+----------+-------------------------------------------
     0 | D:1      | RoseArtemis the Minotaur Berserker began the quest for the Orb.
     0 | D:1      | Reached XP level 1. HP: 19/19 MP: 0/0
   316 | D:1      | Reached XP level 2. HP: 27/27 MP: 1/1
  1077 | D:2      | Reached skill level 4 in Fighting
  1077 | D:2      | Reached skill level 1 in Shields
  1077 | D:2      | Reached XP level 3. HP: 32/33 MP: 2/2
  1339 | D:2      | Reached ** piety under Trog
  1400 | D:2      | Found a shattered altar of Ashenzari.
  1503 | D:2      | Noticed Terence
  1514 | D:2      | Killed Terence
  1514 | D:2      | Reached XP level 4. HP: 40/40 MP: 3/3
  1559 | D:2      | Found a faded altar of an unknown god.
  2019 | D:3      | Reached skill level 5 in Long Blades
  2019 | D:3      | Reached XP level 5. HP: 40/47 MP: 4/4
  2673 | D:4      | Noticed Edmund
  2684 | D:4      | Killed Edmund
  2684 | D:4      | Reached XP level 6. HP: 53/53 MP: 5/5
  2767 | D:4      | Noticed Eustachio
  2790 | D:4      | Killed Eustachio
  2790 | D:4      | Reached skill level 5 in Fighting
  3005 | D:4      | Reached XP level 7. HP: 51/61 MP: 6/6
  3149 | D:4      | Reached skill level 5 in Shields
  3608 | D:5      | Entered Level 5 of the Dungeon
  3608 | D:5      | Found Ivian's Food Emporium.
  3683 | D:5      | Found a sand-covered staircase.
  3693 | Ossuary  | Entered an ossuary
  3713 | Ossuary  | Reached *** piety under Trog
  3735 | Ossuary  | Reached skill level 5 in Armour
  4006 | D:5      | Reached XP level 8. HP: 66/70 MP: 7/7
  5187 | D:6      | Reached skill level 6 in Fighting
  5314 | D:6      | Found an ancient bone altar of Kikubaaqudgha.
  5321 | D:6      | Found a glowing golden altar of the Shining One.
  5548 | D:6      | Reached **** piety under Trog
  5622 | D:6      | Found a hazy altar of Hepliaklqana.
  5880 | D:7      | Noticed a hippogriff
  5888 | D:7      | Killed a hippogriff
  5897 | D:7      | Noticed Joseph
  6159 | D:7      | Killed Joseph
  6159 | D:7      | Reached XP level 9. HP: 55/78 MP: 8/8
  6409 | D:7      | Reached skill level 7 in Fighting
  6612 | D:7      | Found a staircase to the Ecumenical Temple.
  6950 | D:8      | Noticed a two-headed ogre
  6962 | D:8      | Killed a two-headed ogre
  6962 | D:8      | Reached skill level 10 in Long Blades
  7033 | D:8      | Noticed a two-headed ogre
  7044 | D:8      | Killed a two-headed ogre
  7044 | D:8      | Reached skill level 8 in Fighting
  7044 | D:8      | Reached XP level 10. HP: 88/88 MP: 9/9
  7053 | D:8      | Reached skill level 10 in Shields
  7355 | D:8      | Found a glowing golden altar of the Shining One.
  7880 | D:9      | Found a burning altar of Makhleb.
  8168 | D:9      | Reached skill level 1 in Evocations
  8330 | D:9      | Noticed Pikel
  8339 | D:9      | Killed Pikel
  8664 | D:9      | Found a staircase to the Lair.
  8707 | D:9      | Reached skill level 9 in Fighting
  9064 | D:10     | Entered Level 10 of the Dungeon
  9173 | D:10     | Reached XP level 11. HP: 97/97 MP: 11/11
  9555 | D:10     | Reached ***** piety under Trog
  9573 | D:10     | Found a staircase to the Orcish Mines.
  9671 | D:10     | Received a gift from Trog
 10415 | D:10     | Found a shimmering altar of Xom.
 10415 | D:10     | Found a shimmering altar of Xom.
 10415 | D:10     | Found a shimmering altar of Xom.
 10415 | D:10     | Found a shimmering altar of Xom.
 10422 | D:10     | Found a shimmering altar of Xom.
 10422 | D:10     | Found a shimmering altar of Xom.
 10621 | Lair:1   | Entered Level 1 of the Lair of Beasts
 10637 | Lair:1   | Noticed HEYYEYAAE's ghost (journeyman DgSu)
 10653 | Lair:1   | Killed HEYYEYAAE's ghost
 11873 | Lair:2   | Reached skill level 10 in Fighting
 12078 | Lair:2   | Noticed Erica
 12086 | Lair:2   | Killed Erica
 12413 | Lair:2   | Noticed a six-headed hydra
 12422 | Lair:2   | Killed a two-headed hydra
 12422 | Lair:2   | Reached XP level 12. HP: 86/106 MP: 14/14
 12945 | Lair:3   | Noticed a seven-headed hydra
 12952 | Lair:3   | Killed a four-headed hydra
 13440 | Lair:3   | Found a staircase to the Shoals.
 13457 | Lair:3   | Reached skill level 11 in Fighting
 14604 | Lair:4   | Received a gift from Trog
 14614 | Lair:4   | Reached skill level 5 in Dodging
 14816 | Lair:4   | Found a hole to the Spider Nest.
 15939 | Lair:5   | Found a runed door.
 15942 | Lair:5   | Found a viscous altar of Jiyva.
 15943 | Lair:5   | Found a staircase to the Slime Pits.
 16070 | Lair:5   | Reached skill level 15 in Shields
 16429 | Lair:6   | Entered Level 6 of the Lair of Beasts
 16447 | Lair:6   | Noticed a death yak
 16449 | Lair:6   | Noticed a death yak
 16452 | Lair:6   | Noticed a death yak
 16456 | Lair:6   | Killed a death yak
 16460 | Lair:6   | Killed a death yak
 16467 | Lair:6   | Killed a death yak
 16467 | Lair:6   | Reached skill level 12 in Fighting
 16467 | Lair:6   | Reached XP level 13. HP: 117/117 MP: 15/15
 17215 | Lair:6   | Received a gift from Trog
 17493 | Lair:6   | Found a runed door.
 17609 | Lair:6   | Paralysed by a hornet for 1 turns
 17768 | Lair:6   | Reached skill level 5 in Evocations
 18656 | Lair:6   | Reached skill level 10 in Armour
 18763 | Lair:6   | Noticed a fire dragon
 18982 | Lair:6   | Reached skill level 15 in Long Blades
 19408 | Lair:6   | Killed a fire dragon
 19880 | D:11     | Noticed Sonja
 20355 | D:11     | Found a labyrinth entrance.
 20380 | D:11     | Noticed Maurice
 20392 | D:11     | Killed Maurice
 20771 | D:11     | Killed Sonja
 20771 | D:11     | Reached XP level 14. HP: 103/127 MP: 5/17
 21084 | D:12     | Reached skill level 13 in Fighting
 21249 | D:12     | Received a gift from Trog
 22113 | Orc:1    | Entered Level 1 of the Orcish Mines
 22359 | Orc:1    | Paralysed by an orc sorcerer for 7 turns
 23019 | Orc:2    | Entered Level 2 of the Orcish Mines
 23029 | Orc:1    | Received a gift from Trog
 23265 | Orc:2    | Noticed tidbits's ghost (journeyman GnTm)
 23293 | Orc:2    | Killed tidbits's ghost
 24006 | Orc:2    | Found a roughly hewn altar of Beogh.
 24086 | Orc:2    | Reached skill level 14 in Fighting
 24196 | Orc:2    | Found Dunkiar's Distillery.
 24358 | Orc:2    | Bought 2 potions of heal wounds for 110 gold pieces
 24364 | Orc:2    | Found Argholue's Gadget Shoppe.
 25025 | Orc:2    | Received a gift from Trog
 25068 | Orc:2    | Found a staircase to the Elven Halls.
 25489 | Orc:2    | Found a roughly hewn altar of Beogh.
 25492 | Orc:2    | Noticed an orc warlord
 25508 | Orc:2    | Killed an orc warlord
 25508 | Orc:2    | Reached skill level 15 in Fighting
 25625 | Orc:2    | Gained mutation: You occasionally shout uncontrollably at your foes. [a neqoxec]
 25858 | Orc:2    | Found Ligriept's Weapon Shop.
 25974 | Orc:2    | Found Iroaweng's Assorted Antiques.
 25986 | Orc:2    | Reached ****** piety under Trog
 27041 | D:13     | Noticed Kirke
 27053 | D:13     | Received a gift from Trog
 27086 | D:13     | Killed Kirke
 27086 | D:13     | Reached XP level 15. HP: 96/143 MP: 6/18
 27697 | D:14     | Found a gate to the Vaults.
 27697 | D:14     | Noticed Rupert
 27697 | D:14     | Noticed Urug
 27697 | D:14     | Noticed Nessos
 27790 | D:14     | Killed Rupert
 27790 | D:14     | Reached skill level 16 in Fighting
 27798 | D:14     | Killed Nessos
 27817 | D:14     | Killed Urug
 28854 | D:14     | Received a gift from Trog
 29307 | D:14     | Noticed Azrael
 29312 | D:14     | Killed Azrael
 29536 | D:15     | Entered Level 15 of the Dungeon
 29624 | D:15     | Received a gift from Trog
 29627 | D:15     | Got an encrusted scimitar {god gift}
 29681 | D:15     | Identified the +7 scimitar of Absolution {venom, rPois rF+ Str+2} (Trog gifted it to you on level 15 of the Dungeon)
 29975 | D:15     | Reached skill level 17 in Fighting
 30404 | D:15     | Found a staircase to the Depths.
 30404 | D:15     | Noticed a frost giant
 30411 | D:15     | Killed a frost giant
 30673 | D:15     | Found a glowing silver altar of Zin.
 31127 | Spider:1 | Entered Level 1 of the Spider Nest
 31558 | Spider:1 | Noticed Frances
 31579 | Spider:1 | Killed Frances
 31877 | Spider:1 | Noticed Donald
 31889 | Spider:1 | Killed Donald
 31889 | Spider:1 | Reached XP level 16. HP: 157/157 MP: 6/19
 32566 | Spider:2 | Noticed Arachne
 32591 | Spider:2 | Killed Arachne
 32673 | Spider:2 | Reached skill level 18 in Fighting
 32673 | Spider:2 | Reached skill level 10 in Dodging
 33001 | Spider:2 | Reached skill level 15 in Armour
 33082 | Spider:2 | Noticed Jorgrun
 33401 | Spider:2 | HP: 4/157 [something/Shatter (40)]
 33404 | Spider:2 | Killed from afar by Jorgrun

Vault maps used:
D:1:      dpeg_arrival_pits, palyth_stone_intersect
D:2:      nicolae_overflow_crystal_walls, chequers_ecumenical_altar_simple,
          uniq_terence
D:3:      first_ration
D:4:      nicolae_overflow_hidden_temple, uniq_eustachio, uniq_edmund
D:5:      chequers_ossuary_entry_cave, serial_shops, shop
D:6:      lemuel_doored_altar, basic_altar, tgw_kikubaaqudgha
D:7:      minmay_temple_entry_fiery, uniq_joseph
D:8:      lemuel_crystal_altar
D:9:      makhleb_heckhound_becter, due_lair_maze_entry_diamond,
          hangedman_fish_farm, uniq_pikel
D:10:     zombieorc2_lemuel, xom_redecorated
D:11:     lab_entry_generic, uniq_maurice, uniq_sonja
D:13:     uniq_kirke
D:14:     minmay_curly_fans, david_vaults_3, minmay_misc_feat_doors, uniq_azrael
D:15:     grunt_enter_depths_snipers, zin_angel
Lair:1:   grunt_megastairs_3
Lair:2:   serial_bayou_shore_b, grunt_megastairs_4, uniq_erica
Lair:3:   minmay_lair_oklob_tunnel, elwin_shoals_entry_stream
Lair:4:   dpeg_oklob_gauntlet, spider_nest_entry_rubble
Lair:5:   slime_altar_2
Lair:6:   guppyfry_lair_end_dragon, wormcave, st_stairs_3
Spider:1: uniq_frances, uniq_donald
Spider:2: spider_trap, uniq_arachne, uniq_agnes, uniq_jorgrun
Orc:2:    pubby_orc_utopia
Ossuary:  minmay_ossuary_gauntlet

Skill      XL: |  1  2  3  4  5  6  7  8  9 10 11 12 13 14 15 16 |
---------------+-------------------------------------------------+-----
Long Blades    | 4 5 6 7 9 10 12 13 14 15 16 | 16.0
Fighting       | 4 5 6 8 9 10 12 15 17 18 | 18.2
Armour         | 3 4 5 6 7 10 12 14 15 | 15.0
Shields        | 1 2 3 4 6 8 9 11 13 15 | 15.0
Evocations     | 2 4 5 6 |  6.0
Dodging        | 6 7 9 10 | 10.0

Action                   |  1- 3 |  4- 6 |  7- 9 | 10-12 | 13-15 | 16-18 || total
-------------------------+-------+-------+-------+-------+-------+-------++-------
Melee: Falchion          |    69 |    94 |   383 |   464 |       |       ||  1010
       Headbutt          |     8 |    19 |    80 |   246 |   385 |    35 ||   773
       Scimitar          |       |       |       |   477 |   522 |    61 ||  1060
       Double sword      |       |       |       |       |   981 |    80 ||  1061
       Unarmed           |       |       |       |       |     3 |       ||     3
 Fire: Blowgun           |       |       |       |       |     2 |       ||     2
Invok: Berserk           |     1 |     3 |     6 |    10 |     9 |       ||    29
       Trog's Hand       |     1 |     2 |     3 |     5 |     4 |     1 ||    16
       Brothers in Arms  |       |       |       |       |     1 |       ||     1
  Use: Scroll            |     4 |     1 |     9 |     6 |    17 |     7 ||    44
       Potion            |       |       |       |     2 |     8 |     5 ||    15
 Stab: Distracted        |       |       |       |       |       |     1 ||     1
  Eat: Chunk             |     2 |     9 |    13 |    28 |    32 |     2 ||    86
       Ration            |       |       |     2 |     4 |    10 |     1 ||    17
Armor: Animal skin       |     7 |       |       |       |       |       ||     7
       Chain mail        |    15 |     7 |       |       |       |       ||    22
       Plate armour      |       |    20 |   108 |   226 |   459 |    52 ||   865
Dodge: Dodged            |    15 |    27 |    85 |   220 |   640 |    72 ||  1059
Block: Shield            |    17 |    35 |   163 |   442 |   944 |    96 ||  1697
       Reflection        |       |       |       |       |       |     1 ||     1
       Rpst.: Falchion   |     4 |     7 |    24 |    31 |       |       ||    66
       Scimitar          |       |       |       |    19 |    51 |     7 ||    77
       Double sword      |       |       |       |       |    86 |     7 ||    93

Table legend:
 A = Spawn XP
 B = Non-spawn XP
 C = Spawn XP percentage of total XP
 D = Spawn monster count
 E = Non-spawn monster count
 F = Spawn count percentage of total count
 G = Total turns spent on level
                    A         B        C        D         E        F      G
               +---------+---------+-------+---------+---------+-------+---------
         Total |       0 |  172639 |   0.0 |       0 |     846 |   0.0 | 33404
               +---------+---------+-------+---------+---------+-------+---------
           D:1 |       0 |      20 |   0.0 |       0 |      12 |   0.0 |   863
           D:2 |       0 |      82 |   0.0 |       0 |      21 |   0.0 |   990
           D:3 |       0 |     140 |   0.0 |       0 |      22 |   0.0 |   820
           D:4 |       0 |     922 |   0.0 |       0 |      19 |   0.0 |   942
           D:5 |       0 |     367 |   0.0 |       0 |      13 |   0.0 |  1210
           D:6 |       0 |     614 |   0.0 |       0 |      23 |   0.0 |   823
           D:7 |       0 |    1233 |   0.0 |       0 |      12 |   0.0 |   799
           D:8 |       0 |    2767 |   0.0 |       0 |      29 |   0.0 |   885
           D:9 |       0 |    4458 |   0.0 |       0 |      50 |   0.0 |  1823
          D:10 |       0 |    3688 |   0.0 |       0 |      73 |   0.0 |  1718
          D:11 |       0 |    6636 |   0.0 |       0 |      32 |   0.0 |  1249
          D:12 |       0 |    5651 |   0.0 |       0 |      29 |   0.0 |  1082
          D:13 |       0 |    9455 |   0.0 |       0 |      37 |   0.0 |  1488
          D:14 |       0 |   20252 |   0.0 |       0 |      45 |   0.0 |  1809
          D:15 |       0 |   13739 |   0.0 |       0 |      28 |   0.0 |  1333
        Lair:1 |       0 |    3955 |   0.0 |       0 |      15 |   0.0 |  1190
        Lair:2 |       0 |    5121 |   0.0 |       0 |      19 |   0.0 |  1388
        Lair:3 |       0 |    8708 |   0.0 |       0 |      33 |   0.0 |  1153
        Lair:4 |       0 |    2263 |   0.0 |       0 |       9 |   0.0 |  1469
        Lair:5 |       0 |    2398 |   0.0 |       0 |      15 |   0.0 |   818
        Lair:6 |       0 |   21636 |   0.0 |       0 |      69 |   0.0 |  3294
      Spider:1 |       0 |   14216 |   0.0 |       0 |      31 |   0.0 |  1317
      Spider:2 |       0 |   17860 |   0.0 |       0 |      31 |   0.0 |   960
         Orc:1 |       0 |    5219 |   0.0 |       0 |      29 |   0.0 |   791
         Orc:2 |       0 |   21119 |   0.0 |       0 |     134 |   0.0 |  2958
       Ossuary |       0 |     120 |   0.0 |       0 |      16 |   0.0 |   232
               +---------+---------+-------+---------+---------+-------+---------
